 Dungeon Crawl Stone Soup version 0.28.0 (webtiles) character file.

Game seed: 15438063223846998522

613308 Acetwo5 the Conqueror (level 26, 0/260 (266) HPs)
             Began as a Minotaur Fighter on Feb 13, 2022.
             Was a High Priest of Okawaru.
             Killed from afar by a storm dragon (9 damage)
             ... with a bolt of lightning
             ... while petrified by an ancient lich
             ... on level 5 of the Realm of Zot.
             The game lasted 03:34:10 (59680 turns).

Acetwo5 the Conqueror (Minotaur Fighter)           Turns: 59680, Time: 03:34:10

HP:   0/260 (266)   AC: 40    Str: 38    XL:     26   Next: 30%
MP:   27/29         EV:  2    Int:  9    God:    Okawaru [*****.]
Gold: 6777          SH:  0    Dex: 19    Spells: 25/25 levels left

rFire   + + .      SeeInvis +   I - +5 great mace of Vusyzuf {drain, rF+ Str+3}
rCold   + + +      Faith    .   (shield currently unavailable)
rNeg    + + +      Spirit   .   W - +5 gold dragon scales
rPois   ∞          Reflect  .   A - +1 hat "Usequal" {Fly Dex+7}
rElec   .          Harm     .   L - +2 cloak
rCorr   +          Rampage  .   P - +2 pair of gloves "Ulionko" {rCorr}
Will    +....                   V - +1 pair of boots {Fly}
Stlth   ..........              H - amulet of regeneration
HPRegen 2.13/turn               u - ring of see invisible
MPRegen 0.21/turn               f - ring of Byivi {rC++ Str+6}

@: about to teleport, petrified, heroic, finesse-ful, corroded, flying, studying
2 skills, lightly drained
A: horns 2, retaliatory headbutt, talons 1, clever 1, regeneration 1, subdued
magic 1
}: 4/15 runes: barnacled, slimy, silver, gossamer
a: Renounce Religion, Heroism, Finesse, Duel


You were on level 5 of the Realm of Zot.
You worshipped Okawaru.
Okawaru was extremely pleased with you.
You visited 10 branches of the dungeon, and saw 51 of its levels.
You visited the Abyss 1 time.
You also visited: Sewer, Bailey and Ice Cave.

You collected 7711 gold pieces.
You spent 934 gold pieces at shops.

Inventory:

Hand Weapons
 s - the +9 great mace of the Enchanted Forest {venom, rPois rC+ Will+ Int+3}
   (Okawaru gifted it to you on level 3 of the Depths)

   It poisons the flesh of those it strikes.
   Int:       It affects your intelligence (+3).
   rC:        It protects you from cold.
   rPois:     It protects you from poison.
   Will:      It increases your willpower.
 I - the +5 great mace of Vusyzuf (weapon) {drain, rF+ Str+3}
   (Okawaru gifted it to you on level 3 of the Lair of Beasts)

   A truly terrible weapon, it drains the life of any living foe it strikes.
   Str:       It affects your strength (+3).
   rF:        It protects you from fire.
Missiles
 c - 8 silver javelins
 x - 20 javelins
 M - 47 boomerangs (quivered)
 U - 7 throwing nets
Armour
 w - the +0 mask of the Dragon {Will+ Slay+3 SInv}
   (You found it on level 5 of the Vaults)

   Slay:      It affects your accuracy & damage with ranged weapons and melee
   (+3).
   SInv:      It lets you see invisible.
   Will:      It increases your willpower.
 y - a +2 pair of gloves of infusion
 A - the +1 hat "Usequal" (worn) {Fly Dex+7}
   (You found it on level 4 of the Vaults)

   Dex:       It affects your dexterity (+7).
   Fly:       It grants you flight.
 L - a +2 cloak (worn)
 P - the +2 pair of gloves "Ulionko" (worn) {rCorr}
   (Okawaru gifted it to you on level 10 of the Dungeon)

   rCorr:     It protects you from acid and corrosion.
 R - the +1 pair of gloves "Fyett" {rElec rN+ Int-5 Dex+5}
   (Okawaru gifted it to you on level 5 of the Lair of Beasts)

   Int:       It affects your intelligence (-5).
   Dex:       It affects your dexterity (+5).
   rElec:     It insulates you from electricity.
   rN:        It protects you from negative energy.
 V - a +1 pair of boots of flying (worn)
 W - +5 gold dragon scales (worn)
Jewellery
 d - the ring "Ydashewnuze" {rElec rF+ Will+ Str+3 Stlth+}
   (You bought it in a shop on level 4 of the Shoals)

   [ring of protection from fire]

   Str:       It affects your strength (+3).
   rF:        It protects you from fire.
   rElec:     It insulates you from electricity.
   Will:      It increases your willpower.
   Stlth:     It makes you more stealthy.
 e - the ring "Kagufoch" {Ice rN+}
   (You found it on level 3 of the Depths)

   [ring of ice]

   It enhances your ice magic.
   rF:        It makes you vulnerable to fire.
   rC:        It protects you from cold.
   rN:        It protects you from negative energy.
 f - the ring of Byivi (right hand) {rC++ Str+6}
   (You acquired it in a bailey)

   [ring of strength]

   Str:       It affects your strength (+6).
   rC:        It greatly protects you from cold.
 g - the ring of Awe {+Blink rCorr}
   (You found it on level 3 of the Depths)

   [ring of resist corrosion]

   +Blink:    It lets you blink.
   rCorr:     It protects you from acid and corrosion.
 i - the ring "Ragya" {Fly rF++ rC+ Str-3}
   (You acquired it on level 13 of the Dungeon)

   [ring of protection from cold]

   Str:       It affects your strength (-3).
   rF:        It greatly protects you from fire.
   rC:        It protects you from cold.
   Fly:       It grants you flight.
 l - the ring "Nuos" {rC+ Will+ Str+2}
   (You found it on level 1 of the Vaults)

   [ring of willpower]

   Str:       It affects your strength (+2).
   rC:        It protects you from cold.
   Will:      It increases your willpower.
 m - the ring "Josumnij" {Drain rN+ Will+ rCorr}
   (You found it on level 1 of the Vaults)

   [ring of willpower]

   rN:        It protects you from negative energy.
   rCorr:     It protects you from acid and corrosion.
   Drain:     It drains your maximum health when unequipped.
   Will:      It increases your willpower.
 q - an amulet of reflection
 u - a ring of see invisible (left hand)
 H - an amulet of regeneration (around neck)
 N - the ring "Nazau" {Drain rN+ rCorr Dex+6}
   (You found it on level 5 of the Pits of Slime)

   [ring of resist corrosion]

   Dex:       It affects your dexterity (+6).
   rN:        It protects you from negative energy.
   rCorr:     It protects you from acid and corrosion.
   Drain:     It drains your maximum health when unequipped.
 Z - the ring "Busyt" {rElec rC+}
   (You found it on level 3 of the Depths)

   [ring of protection from cold]

   rC:        It protects you from cold.
   rElec:     It insulates you from electricity.
Wands
 r - a wand of polymorph (24)
 t - a wand of paralysis (32)
 C - a wand of iceblast (20)
 D - a wand of acid (39)
 S - a wand of digging (9)
 X - a wand of mindburst (14)
 Y - a wand of flame (111)
Scrolls
 a - 28 scrolls of teleportation
 o - 9 scrolls of fear
 p - 15 scrolls of enchant weapon
 v - 2 scrolls of holy word
 B - 4 scrolls of fog
 K - 8 scrolls of blinking
 O - 4 scrolls of magic mapping
 Q - a scroll of silence
 T - 24 scrolls of identify
Potions
 b - 7 potions of might
 h - 4 potions of haste
 j - 12 potions of curing
 k - 6 potions of berserk rage
 n - 13 potions of mutation
 z - 5 potions of magic
 E - 7 potions of ambrosia
 F - 2 potions of invisibility
 G - 7 potions of heal wounds
 J - a potion of resistance


   Skills:
 O Level 27 Fighting
 O Level 27 Maces & Flails
 + Level 13.4(18.4) Throwing
 O Level 27 Armour
 + Level 25.8(27) Dodging
 - Level 1.3(6.3) Stealth
 - Level 3.6(8.6) Shields
 - Level 10.0 Invocations


You had 25 spell levels left.
You didn't know any spells.
Your spell library contained the following spells:

 Spells                   Type           Power      Damage    Failure   Level
 Apportation              Tloc           0%         N/A       80%         1
 Freeze                   Ice            0%         1d3       80%         1
 Magic Dart               Conj           0%         1d3       80%         1
 Pain                     Necr           0%         1d4       80%         1
 Blink                    Tloc           0%         N/A       91%         2
 Ensorcelled Hibernation  Hex/Ice        0%         N/A       91%         2
 Passwall                 Tmut/Erth      0%         N/A       91%         2
 Scorch                   Fire           0%         2d5       91%         2
 Static Discharge         Conj/Air       0%         N/A       91%         2
 Sublimation of Blood     Necr           0%         N/A       91%         2
 Wereblood                Tmut           0%         N/A       91%         2
 Frozen Ramparts          Ice            0%         1d2       99%         3
 Ignite Poison            Fire/Tmut/Pois 0%         N/A       99%         3
 Inner Flame              Hex/Fire       0%         N/A       99%         3
 Lesser Beckoning         Tloc           0%         N/A       99%         3
 Mephitic Cloud           Conj/Pois/Air  0%         N/A       99%         3
 Ozocubu's Armour         Ice            0%         N/A       99%         3
 Swiftness                Air            0%         N/A       99%         3
 Vampiric Draining        Necr           0%         2d6       99%         3
 Airstrike                Air            0%         N/A       100%        4
 Cause Fear               Hex            0%         N/A       100%        4
 Dispel Undead            Necr           0%         3d6       100%        4
 Flame Wave               Conj/Fire      0%         2d4       100%        4
 Hailstorm                Conj/Ice       0%         3d3       100%        4
 Ice Form                 Ice/Tmut       0%         N/A       100%        4
 Sticky Flame             Conj/Fire      0%         2d3       100%        4
 Agony                    Necr           0%         N/A       100%        5
 Blade Hands              Tmut           0%         N/A       100%        5
 Borgnjor's Vile Clutch   Necr/Erth      0%         N/A       100%        5
 Excruciating Wounds      Necr           0%         N/A       100%        5
 Fireball                 Conj/Fire      0%         3d3       100%        5
 Freezing Cloud           Conj/Ice/Air   0%         6-21      100%        5
 Irradiate                Conj/Tmut      0%         3d13      100%        5
 Iskenderun's Battlesphe  Conj           0%         2d6       100%        5
 Lightning Bolt           Conj/Air       0%         1d11      100%        5
 Manifold Assault         Tloc           0%         N/A       100%        5
 Metabolic Englaciation   Hex/Ice        0%         N/A       100%        5
 Conjure Ball Lightning   Conj/Air       0%         3x3d6     100%        6
 Starburst                Conj/Fire      0%         6d3       100%        6
 Dragon Form              Tmut           0%         N/A       100%        7
 Orb of Destruction       Conj           0%         9d5       100%        7
 Discord                  Hex            0%         N/A       100%        8
 Maxwell's Capacitive Co  Air            0%         ∞         100%        8
 Polar Vortex             Ice            0%         N/A       100%        9
 Animate Skeleton         Necr           Unusable   N/A       N/A         1
 Summon Small Mammal      Summ           Unusable   N/A       N/A         1
 Call Imp                 Summ           Unusable   N/A       N/A         2
 Animate Dead             Necr           Unusable   N/A       N/A         4
 Summon Ice Beast         Ice/Summ       Unusable   N/A       N/A         4
 Summon Lightning Spire   Summ/Air       Unusable   N/A       N/A         4
 Death Channel            Necr           Unusable   N/A       N/A         6
 Simulacrum               Ice/Necr       Unusable   N/A       N/A         6
 Summon Cactus Giant      Summ           Unusable   N/A       N/A         6
 Haunt                    Necr/Summ      Unusable   N/A       N/A         7
 Spellforged Servitor     Conj/Summ      Unusable   N/A       N/A         7
 Summon Hydra             Summ           Unusable   N/A       N/A         7
 Infestation              Necr           Unusable   N/A       N/A         8

Dungeon Overview and Level Annotations

Branches:
Dungeon (15/15)            Temple (1/1) D:5            Lair (6/6) D:11
 Shoals (4/4) Lair:2       Spider (4/4) Lair:3        Slime (5/5) Lair:5
    Orc (2/2) D:10            Elf (0/3) Orc:2        Vaults (5/5) D:14
  Crypt (0/3) Vaults:3     Depths (4/4) D:15            Zot (5/5) Depths:4
  Sewer (visited)          Bailey (visited)           IceCv (visited)

Altars:
Ashenzari
Cheibriados
Dithmenos
Elyvilon
Fedhas
Gozag
Hepliaklqana
Kikubaaqudgha
Makhleb
Nemelex Xobeh
Okawaru
Qazlal
Ru
Sif Muna
Trog
Uskayaw
Vehumet
Wu Jian
Xom
Yredelemnul
Zin
The Shining One
Beogh
Jiyva
Lugonu

Shops:
D:1 :   D:7 [!   D:14 *   D:15 :   Orc:2 =(*[   Shoals:1 (   Shoals:2 =
Shoals:4 =   Vaults:2 [   Vaults:3 =   Depths:3 =*   Depths:4 (

Portals:
Hell: Depths:1 Depths:2 Depths:3 Depths:4
Abyss: Depths:2 Depths:3
Pandemonium: Depths:2 Depths:3
Ziggurat: Depths:4

Annotations:
Depths:1 1 runed translucent door


Innate Abilities, Weirdness & Mutations

You have a pair of horns on your head.
You reflexively headbutt those who attack you in melee.
You have sharp toenails.
Your mind is acute. (Int +2)
Your natural rate of healing is unusually fast.
Your spells are a little easier to cast, but a little less powerful.


Message History

Okay, then.
Blink to where?
Press: ? - help, Dir - move target
As you read the scroll of blinking, it crumbles to dust.
Your limbs are stiffening.
Okay, then.
As you read the scroll of teleportation, it crumbles to dust.
You feel strangely unstable.
You feel the Orb delaying your translocation!
The ancient lich casts a spell at you. The bolt of acid hits you! You resist.
* * * LOW HITPOINT WARNING * * *
You have turned to stone.
The ancient lich gestures at you while chanting.
The bolt of acid hits you! You resist.
* * * LOW HITPOINT WARNING * * *
The ancient lich points at you and mumbles some strange words.
The bolt of acid hits you! You resist.
* * * LOW HITPOINT WARNING * * *
The acid corrodes you!
The ancient lich touches you but does no damage.
The Orb Guardian hits you but does no damage.
The ancient lich casts a spell at you. The bolt of acid hits you. You resist.
* * * LOW HITPOINT WARNING * * *
The Orb Guardian completely misses you.
The ancient lich touches you but does no damage.
The Orb Guardian hits you!
* * * LOW HITPOINT WARNING * * *
The ancient lich completely misses you.
The Orb Guardian hits you but does no damage.
The ancient lich touches you but does no damage.
The storm dragon roars deafeningly!
The Orb Guardian hits you!!
* * * LOW HITPOINT WARNING * * *
The ancient lich points at you and mumbles some strange words.
You struggle to resist.
The storm dragon breathes lightning at you.
The bolt of lightning hits you!!
You die...

****************
##........,,,,,^**
##.........,,,,,,,**
##..........,,,,,,,,*
#...........,,,,,,,,,
#...........,,,,,^,,,
#.^.........^,^,,,,,,
#....^......,,,,,,,,,
#...@.......,,^,,,,,,
#..^XL.....D,,,,,,,,,
##.....^....,,,,,,,,*
##.........,,,,,,,**
##...$....,,,,,,,,,
▓▓.....##▓▓▓▓▓▓▓▓*
▓▓......§(§§.....▓▓
▓▓.........X§§......
*▓......§§§§§§.......


You could see an ancient lich (fast, invisible), a storm dragon (catching
breath) and an Orb Guardian.

Vanquished Creatures
  the Royal Jelly (Slime:5)
  3 ancient liches
  4 orbs of fire
  3 dread liches
  Mara (Shoals:4)
  Sojobo (Vaults:2)
  The ghost of Eldin the Sorcerer, a veteran DEWz of Sif Muna (Vaults:4)
  A Killer Klown (Zot:5)
  2 curse toes (Zot:5)
  4 caustic shrikes (Depths:2)
  the Enchantress (Depths:2)
  11 golden dragons
  An electric golem (Zot:5)
  15 tentacled monstrosities
  A walking crystal tome (Depths:2)
  9 liches
  Jorgrun (Orc:2)
  Rupert (Lair:3)
  A walking earthen tome (Depths:2)
  The ghost of Kare Xaoge the Bludgeoner, an adept DgTm (Vaults:4)
  26 acid blobs
  7 quicksilver dragons
  19 Orb Guardians (Zot:5)
  5 titans
  A kraken (Shoals:4)
  7 death cobs
  6 sphinxes
  19 storm dragons
  11 shadow dragons
  A nagaraja (Depths:1)
  9 tengu reavers
  Kirke (Spider:4)
  9 draconian monks
  12 rockslimes
  7 frost giants
  16 azure jellies
  8 fire giants
  A balrug (Abyss:2)
  A deep elf sorcerer (Vaults:3)
  3 iron dragons
  5 emperor scorpions
  19 vault wardens
  Aizul (Depths:1)
  6 draconian scorchers
  4 draconian knights
  5 ghost moths
  2 orc warlords
  3 draconian shifters (Zot:4)
  6 draconian annihilators
  A war gargoyle (Vaults:5)
  18 very ugly things
  2 reapers (IceCv)
  5 draconian stormcallers
  A quicksilver ooze (shapeshifter) (Vaults:5)
  9 quicksilver oozes
  18 ironbound preservers
  17 stone giants
  11 spriggan defenders
  5 ironbound thunderhulks
  6 broodmothers
  A caustic shrike skeleton (Depths:2)
  5 vampire knights
  17 black draconians
  8 yellow draconians
  A bunyip (shapeshifter) (Vaults:4)
  21 green draconians
  2 deep elf annihilators (Depths:1)
  8 red draconians
  16 purple draconians
  6 entropy weavers
  11 dire elephants
  8 spark wasps
  15 white draconians
  4 deep elf death magi
  20 ettins
  Snorg (D:12)
  A fire dragon (shapeshifter) (Vaults:5)
  7 merfolk javelineers
  18 great orbs of eyes
  Josephine (D:15)
  11 fire dragons
  5 deep elf high priests
  13 ice dragons
  15 yaktaur captains
  10 merfolk impalers
  4 rakshasas
  4 caustic shrike simulacra (IceCv)
  Erolcha (Orc:2)
  8 spriggan air magi
  10 boulder beetles
  35 vault guards
  2 jorogumos
  An ogre mage (D:15)
  10 ironbound frosthearts
  5 merfolk avatars
  4 centaur warriors
  15 hydras
  2 catoblepae
  2 death knights (D:15)
  6 merfolk aquamancers
  2 radroaches (Spider:4)
  A catoblepas (shapeshifter) (Vaults:3)
  An alligator snapping turtle (Shoals:2)
  2 satyrs
  10 death yaks
  5 vampire magi
  9 deep troll earth magi
  6 death scarabs
  5 deep troll shamans
  5 spriggan berserkers
  7 tengu warriors
  7 two-headed ogres
  21 hell knights
  5 orc high priests
  Nergalle (D:12)
  A titan skeleton (Depths:2)
  Sonja (D:12)
  A deep elf knight (Depths:3)
  2 sun moths
  9 iron trolls
  A death drake (Depths:4)
  A shadow wraith (Vaults:5)
  2 bog bodies (IceCv)
  5 sea snakes
  6 pharaoh ants
  A steelbarb worm (shapeshifter) (Vaults:5)
  A flayed ghost (Vaults:5)
  A swamp dragon (Lair:6)
  7 glowing orange brains
  54 deep trolls
  6 orb spiders
  5 steelbarb worms
  An orange crystal statue (Vaults:1)
  11 wizards
  2 obsidian statues (IceCv)
  A deep elf archer (Depths:3)
  29 harpies
  8 lindwurms
  6 phantasmal warriors
  8 ironbound convokers
  A broodmother zombie (Spider:4)
  A golden dragon skeleton (Depths:2)
  3 deep elf pyromancers
  46 ugly things
  A spectral wolf spider (Spider:4)
  10 orc knights
  6 cyclopes
  A sphinx zombie (Vaults:4)
  9 orc sorcerers
  21 wolf spiders
  7 fauns
  7 necromancers
  12 manticores
  6 shining eyes
  2 salamanders (Depths:4)
  22 moths of wrath
  A frost giant skeleton (Depths:2)
  2 centaur zombies (D:15)
  Maurice (Orc:2)
  14 vault sentinels
  6 eyes of devastation
  8 black mambas
  An elephant (shapeshifter) (Depths:1)
  4 merfolk sirens
  23 elephants
  A torpor snail (shapeshifter) (Vaults:2)
  2 naga magi (D:15)
  3 torpor snails
  An orange demon (Depths:2)
  A gargoyle (D:11)
  3 water nymphs
  A storm dragon simulacrum (Depths:2)
  3 spectral redbacks (Spider:4)
  An unseen horror (shapeshifter) (D:14)
  10 cane toads
  8 demonic crawlers
  3 rime drakes
  An unseen horror (D:12)
  42 yaktaurs
  A kobold demonologist (Bailey)
  A hellion (Depths:2)
  12 komodo dragons
  2 golden dragon simulacra (IceCv)
  7 tengu conjurers
  A yaktaur skeleton (Vaults:4)
  3 entropy weaver simulacra
  2 efreet
  8 freezing wraiths
  An anaconda simulacrum (Spider:3)
  A redback zombie (Spider:4)
  An ice devil (IceCv)
  A harpy zombie (D:15)
  A meliai (shapeshifter) (Vaults:4)
  A hellwing (Depths:2)
  34 merfolk
  Grinder (D:6)
  16 meliai
  10 polar bears (Lair:6)
  A wolf spider simulacrum (D:11)
  3 trolls
  4 wind drakes (Shoals:4)
  A spectral jumping spider (Spider:4)
  A hornet (shapeshifter) (D:12)
  6 hornets
  A large abomination (Abyss:2)
  4 spectral tarantellas (Spider:4)
  28 tarantellas
  2 spectral culicivoras (Spider:4)
  A jumping spider zombie (Spider:4)
  20 blink frogs
  115 slime creatures
  15 dream sheep
  12 snapping turtles
  A blink frog (shapeshifter) (Vaults:3)
  4 raiju (Lair:6)
  8 spriggans
  45 jumping spiders
  3 vampires (Vaults:3)
  7 wraiths
  9 water elementals
  An elf simulacrum (Vaults:4)
  2 shadows (D:11)
  22 culicivoras
  A ynoxinul (Abyss:2)
  An ettin skeleton (Vaults:4)
  5 wyverns
  3 dire elephant simulacra
  3 hogs (Spider:4)
  40 yaks
  4 basilisks
  10 humans
  2 steam dragons (Lair:6)
  4 minotaur simulacra
  16 golden eyes
  6 vampire mosquitoes
  A basilisk (shapeshifter) (Vaults:5)
  A redback (shapeshifter) (Depths:2)
  55 redbacks
  2 chaos spawn (Depths:2)
  A warg (shapeshifter) (Vaults:5)
  Menkaure (D:6)
  A harpy simulacrum (D:15)
  9 wargs
  A hydra simulacrum (IceCv)
  2 acid dragons
  14 water moccasins
  Duvessa (D:5)
  13 hell hounds (Lair:6)
  5 floating eyes
  2 ice beasts
  A swamp drake (Lair:6)
  A sky beast (D:7)
  40 orc warriors
  16 black bears
  3 ettin simulacra (IceCv)
  7 centaurs
  A boggart (shapeshifter) (Vaults:1)
  22 wolves
  7 ogres
  2 kobold brigands
  15 bullfrogs
  2 scorpions
  2 deep troll simulacra
  A small abomination (Abyss:2)
  A water moccasin zombie (D:5)
  Dowan (D:5)
  A water moccasin skeleton (D:6)
  6 wights
  23 killer bees
  4 howler monkeys
  5 electric eels (Bailey)
  A bullfrog zombie (D:6)
  3 hounds
  A quasit (Abyss:2)
  A jelly (D:4)
  3 centaur skeletons
  21 orc priests
  A bullfrog skeleton (D:7)
  A gnoll shaman (D:7)
  7 iguanas
  36 orc wizards
  8 hell rats
  A killer bee zombie (D:9)
  A howler monkey zombie (D:9)
  6 adders
  13 gnolls
  6 river rats
  A shadow imp (D:8)
  A white imp (D:7)
  An ufetubus (D:6)
  2 adder skeletons
  2 worms
  3 dart slugs
  85 orcs
  16 ball pythons
  5 bats
  5 endoplasms
  5 giant cockroaches
  23 goblins
  12 hobgoblins
  10 jackals
  2 quokkas
  11 frilled lizards
  14 kobolds
  38 rats
  A plant (Shoals:2)
  2 tentacles (Shoals:4)
2396 creatures vanquished.

Vanquished Creatures (others)
  An ancient lich (Vaults:5)
  A quicksilver dragon (Depths:4)
  2 fire giants
  A hellwing (Abyss:2)
  2 humans
  An ice beast (shapeshifter) (Vaults:5)
  An iguana (Lair:6)
  22 fungi
  104 plants
  5 tentacles (Shoals:4)
140 creatures vanquished.

Grand Total: 2536 creatures vanquished

Notes
Turn   | Place    | Note
-------+----------+-------------------------------------------
     0 | D:1      | Acetwo5 the Minotaur Fighter began the quest for the Orb.
     0 | D:1      | Reached XP level 1. HP: 19/19 MP: 0/0
   114 | D:1      | Reached XP level 2. HP: 27/27 MP: 1/1
   367 | D:1      | Reached XP level 3. HP: 24/34 MP: 2/2
   461 | D:1      | Found Uqous's Book Emporium.
   601 | D:1      | Found a faded altar of an unknown god.
  1217 | D:2      | Identified the +1 chain mail of Free Will {Will+ Regen+
                  | Stlth+}
  1616 | D:3      | Found a stormy altar of Qazlal.
  1647 | D:3      | Found a blossoming altar of Fedhas.
  1841 | D:3      | Reached skill level 5 in Fighting
  1841 | D:3      | Reached XP level 4. HP: 36/42 MP: 3/3
  1949 | D:3      | Found an ornate altar of the Wu Jian Council.
  2595 | D:4      | Reached XP level 5. HP: 8/49 MP: 1/4
  2745 | D:4      | Reached skill level 5 in Maces & Flails
  3041 | D:4      | Reached XP level 6. HP: 48/58 MP: 3/5
  3644 | D:5      | Entered Level 5 of the Dungeon
  3663 | D:5      | Noticed Dowan
  3664 | D:5      | Noticed Duvessa
  3670 | D:5      | Killed Dowan
  3676 | D:5      | Killed Duvessa
  3677 | D:5      | Reached XP level 7. HP: 46/66 MP: 4/6
  3810 | D:5      | Found a staircase to the Ecumenical Temple.
  3819 | Temple   | Entered the Ecumenical Temple
  4151 | Temple   | Became a worshipper of Warmaster Okawaru
  4485 | D:5      | Found a shadowy altar of Dithmenos.
  4723 | D:5      | Reached * piety under Okawaru
  4724 | D:5      | Reached XP level 8. HP: 75/75 MP: 7/7
  5225 | D:6      | Found a glowing drain.
  5239 | Sewer    | Entered a sewer
  5526 | D:6      | Noticed Menkaure
  5531 | D:6      | Killed Menkaure
  5531 | D:6      | Reached ** piety under Okawaru
  5532 | D:6      | Reached skill level 10 in Fighting
  5649 | D:6      | Reached skill level 10 in Maces & Flails
  5733 | D:6      | Noticed Grinder
  5742 | D:6      | Killed Grinder
  5743 | D:6      | Reached XP level 9. HP: 86/86 MP: 8/8
  5908 | D:6      | Reached *** piety under Okawaru
  6113 | D:6      | Identified the +9 short sword "Lorri" {speed, Fly rF+ rC+
                  | SInv}
  6373 | D:7      | Found a burning altar of Makhleb.
  6457 | D:7      | Found a snail-covered altar of Cheibriados.
  6475 | D:7      | Reached skill level 1 in Invocations
  6634 | D:7      | Found Zeos's Antique Armour Shop.
  7030 | D:7      | Found Eneqyfam's Distillery.
  7034 | D:7      | Bought a potion of heal wounds for 75 gold pieces
  7108 | D:8      | Found a bloodstained altar of Trog.
  7264 | D:8      | Found a flagged portal.
  7268 | D:8      | Reached XP level 10. HP: 97/97 MP: 11/11
  7284 | Bailey   | Entered a bailey
  7381 | Bailey   | Noticed an orc knight
  7393 | Bailey   | HP: 3/97 [orc knight (13)]
  7399 | Bailey   | Killed an orc knight
  7399 | Bailey   | Reached **** piety under Okawaru
  7628 | Bailey   | Acquired the ring of Byivi {rC++ Str+6}
  7690 | Bailey   | Found an iron altar of Okawaru.
  7691 | Bailey   | Noticed an orc high priest
  7707 | Bailey   | Killed an orc high priest
  7708 | Bailey   | Reached skill level 5 in Invocations
  7740 | Bailey   | Got the Handbook of Supportive Sinister Arts
  7974 | Bailey   | Reached ***** piety under Okawaru
  8314 | D:8      | Found a broken altar of Ashenzari.
  8855 | D:9      | Found a basalt altar of Yredelemnul.
  8936 | D:9      | Found an opulent altar of Gozag.
  9389 | D:10     | Entered Level 10 of the Dungeon
  9430 | D:10     | Reached XP level 11. HP: 107/107 MP: 14/14
  9536 | D:10     | Identified the +2 pair of gloves "Ulionko" {rCorr} (Okawaru
                  | gifted it to you on level 10 of the Dungeon)
  9536 | D:10     | Received a gift from Okawaru
  9732 | D:10     | Found a staircase to the Orcish Mines.
 10482 | D:11     | Noticed a two-headed ogre
 10488 | D:11     | Found a staircase to the Lair.
 10495 | D:11     | Killed a two-headed ogre
 10496 | D:11     | Reached skill level 1 in Stealth
 10509 | D:11     | Got the Incunabulum of Freezing Combat Magic
 10587 | D:11     | Noticed a two-headed ogre
 10596 | D:11     | Killed a two-headed ogre
 11272 | D:12     | Noticed Nergalle
 11296 | D:12     | Killed Nergalle
 11337 | D:12     | Paralysed by a hornet for 1 turns
 11408 | D:12     | Noticed a seven-headed hydra
 11414 | D:12     | Killed a seven-headed hydra
 11523 | D:12     | Received a gift from Okawaru
 11524 | D:12     | Reached skill level 15 in Fighting
 11534 | D:12     | Reached XP level 12. HP: 116/119 MP: 14/17
 11580 | D:12     | Noticed a seven-headed hydra
 11588 | D:12     | Killed a seven-headed hydra
 11605 | D:12     | Noticed Snorg
 11609 | D:12     | Noticed Sonja
 11625 | D:12     | Killed Snorg
 11626 | D:12     | Reached skill level 15 in Maces & Flails
 11635 | D:12     | Killed Sonja
 11861 | D:13     | Noticed a four-headed hydra
 11861 | D:13     | Noticed a centaur warrior
 11913 | Lair:1   | Entered Level 1 of the Lair of Beasts
 12034 | Lair:1   | Noticed a five-headed hydra
 12042 | Lair:1   | Killed a five-headed hydra
 12227 | Lair:1   | Noticed an eight-headed hydra
 12237 | Lair:1   | Killed an eight-headed hydra
 12346 | Lair:1   | Received a gift from Okawaru
 12476 | Lair:1   | Noticed a six-headed hydra
 12497 | Lair:1   | Killed a six-headed hydra
 13042 | Lair:2   | Reached skill level 10 in Invocations
 13233 | Lair:2   | Reached skill level 1 in Dodging
 13442 | Lair:2   | Noticed a seven-headed hydra
 13451 | Lair:2   | Killed a seven-headed hydra
 13707 | Lair:2   | Found a staircase to the Shoals.
 14068 | Lair:3   | Noticed an eight-headed hydra
 14077 | Lair:3   | Killed an eight-headed hydra
 14078 | Lair:3   | Reached skill level 5 in Armour
 14099 | Lair:3   | Noticed a five-headed hydra
 14115 | Lair:3   | Killed a five-headed hydra
 14116 | Lair:3   | Reached XP level 13. HP: 116/130 MP: 15/19
 14116 | Lair:3   | Noticed Rupert
 14436 | Lair:3   | Killed Rupert
 14436 | Lair:3   | Identified the +5 great mace of Vusyzuf {drain, rF+ Str+3}
                  | (Okawaru gifted it to you on level 3 of the Lair of Beasts)
 14436 | Lair:3   | Received a gift from Okawaru
 14637 | Lair:3   | Found a hole to the Spider Nest.
 14964 | Lair:3   | Reached skill level 5 in Dodging
 15766 | Lair:4   | Identified the +6 longbow of Misery {flame, rN+ Int+3
                  | Stlth-} (Okawaru gifted it to you on level 4 of the Lair of
                  | Beasts)
 15766 | Lair:4   | Received a gift from Okawaru
 15879 | Lair:4   | Identified the +1 plate armour "Makloem" {Int+2 Dex+2}
 16722 | Lair:5   | Reached XP level 14. HP: 140/140 MP: 20/20
 16757 | Lair:5   | Identified the +1 pair of gloves "Fyett" {rElec rN+ Int-5
                  | Dex+5} (Okawaru gifted it to you on level 5 of the Lair of
                  | Beasts)
 16757 | Lair:5   | Received a gift from Okawaru
 16875 | Lair:5   | Found a staircase to the Slime Pits.
 16876 | Lair:5   | Found a viscous altar of Jiyva.
 17316 | Lair:6   | Entered Level 6 of the Lair of Beasts
 17336 | Lair:6   | Reached ****** piety under Okawaru
 17582 | Lair:6   | Received a gift from Okawaru
 17583 | Lair:6   | Reached skill level 10 in Armour
 19088 | D:13     | Reached XP level 15. HP: 150/150 MP: 21/21
 19090 | D:13     | Acquired the ring "Ragya" {Fly rF++ rC+ Str-3}
 19726 | D:14     | Found a hazy altar of Hepliaklqana.
 20228 | D:14     | Received a gift from Okawaru
 20229 | D:14     | Reached skill level 10 in Dodging
 20504 | D:14     | Found a gate to the Vaults.
 20615 | D:14     | Found Hojedul's General Store.
 20720 | D:15     | Entered Level 15 of the Dungeon
 20750 | D:15     | Received a gift from Okawaru
 20898 | D:15     | Found Puregg's Book Boutique.
 20899 | D:15     | Noticed Josephine
 20915 | D:15     | Killed Josephine
 20915 | D:15     | Received a gift from Okawaru
 21078 | D:15     | Found a radiant altar of Vehumet.
 21653 | D:15     | Found a staircase to the Depths.
 21858 | Orc:1    | Entered Level 1 of the Orcish Mines
 22040 | Orc:2    | Entered Level 2 of the Orcish Mines
 22067 | Orc:2    | Found a staircase to the Elven Halls.
 22315 | Orc:2    | Noticed Jorgrun
 22329 | Orc:2    | Killed Jorgrun
 22335 | Orc:2    | Identified the +0 ring mail "Luixoudu" {rElec rPois}
                  | (Okawaru gifted it to you on level 2 of the Orcish Mines)
 22335 | Orc:2    | Received a gift from Okawaru
 23002 | Orc:2    | Reached XP level 16. HP: 132/162 MP: 22/22
 23113 | Orc:2    | Noticed Maurice
 23138 | Orc:2    | Killed Maurice
 23231 | Orc:2    | Noticed Erolcha
 23243 | Orc:2    | Killed Erolcha
 23289 | Orc:2    | Paralysed by an orc sorcerer for 7 turns
 23363 | Orc:2    | Found Plog's General Store.
 23364 | Orc:2    | Found Tunomn's Jewellery Boutique.
 23366 | Orc:2    | Found Vimeh's Antique Armour Shop.
 23366 | Orc:2    | Found Bazue's Antique Weapon Shop.
 23719 | Depths:1 | Entered Level 1 of the Depths
 23730 | Depths:1 | Noticed Aizul
 23745 | Depths:1 | Killed Aizul
 23986 | Depths:1 | Noticed a tengu reaver
 23999 | Depths:1 | Killed a tengu reaver
 24018 | Depths:1 | Noticed a tengu reaver
 24303 | Spider:1 | Entered Level 1 of the Spider Nest
 24860 | Spider:1 | Received a gift from Okawaru
 26009 | Spider:3 | Found a frozen archway.
 26049 | IceCv    | Entered an ice cave
 26077 | IceCv    | Received a gift from Okawaru
 26128 | IceCv    | Gained mutation: Your magical capacity is low. (-10% MP) [a
                  | neqoxec]
 26263 | IceCv    | Reached XP level 17. HP: 128/172 MP: 21/21
 26307 | IceCv    | Reached skill level 15 in Armour
 26407 | IceCv    | Got Sif Muna's Catalogue of Snow
 27458 | Spider:3 | Received a gift from Okawaru
 27978 | Spider:4 | Entered Level 4 of the Spider Nest
 28082 | Spider:4 | Noticed Kirke
 28106 | Spider:4 | Killed Kirke
 29612 | Spider:4 | Reached skill level 15 in Dodging
 29623 | Spider:4 | Identified the +10 chain mail "Ywojaxtu" {rPois rC- MP+9
                  | Dex+10 Stlth-} (Okawaru gifted it to you on level 4 of the
                  | Spider Nest)
 29623 | Spider:4 | Received a gift from Okawaru
 29954 | Spider:4 | Reached XP level 18. HP: 173/184 MP: 1/21
 30398 | Spider:4 | Got a gossamer rune of Zot
 30647 | Shoals:1 | Entered Level 1 of the Shoals
 30969 | Shoals:1 | Found Rillu's Weapon Shoppe.
 32088 | Shoals:2 | Found Dexkuomo's Jewellery Boutique.
 33448 | Shoals:3 | Received a gift from Okawaru
 33788 | Shoals:4 | Entered Level 4 of the Shoals
 33951 | Shoals:4 | Found Vutujekk's Jewellery Shop.
 34013 | Shoals:4 | Bought the ring "Ydashewnuze" {rElec rF+ Will+ Str+3
                  | Stlth+} for 859 gold pieces
 34053 | Shoals:4 | Noticed Mara
 34069 | Shoals:4 | Killed Mara
 34624 | Shoals:4 | Reached XP level 19. HP: 191/195 MP: 22/22
 34669 | Shoals:4 | Got a barnacled rune of Zot
 35383 | Depths:1 | Found a gateway to Hell.
 35735 | Depths:1 | Found a runed translucent door.
 35739 | Depths:1 | Found a radiant altar of Vehumet.
 35739 | Depths:1 | Noticed an ancient lich
 35841 | Depths:2 | Found a shadowy altar of Dithmenos.
 35869 | Depths:2 | Noticed the Enchantress
 35895 | Depths:2 | Killed the Enchantress
 36067 | Depths:2 | Found a corrupted altar of Lugonu.
 36247 | Depths:2 | Received a gift from Okawaru
 36439 | Depths:2 | Found a one-way gate leading to the halls of Pandemonium.
 36470 | Depths:2 | You are sucked into a shaft and drop 1 floor!
 36492 | Depths:3 | Found Dustomp's Jewellery Boutique.
 36532 | Depths:3 | Identified the +9 great mace of the Enchanted Forest
                  | {venom, rPois rC+ Will+ Int+3} (Okawaru gifted it to you on
                  | level 3 of the Depths)
 36532 | Depths:3 | Received a gift from Okawaru
 36583 | Depths:3 | Identified the ring "Kagufoch" {Ice rN+}
 36626 | Depths:3 | Paralysed by a floating eye for 3 turns
 36665 | Depths:3 | Found Essesabo's General Store.
 36915 | Depths:3 | Identified the ring of Awe {+Blink rCorr}
 37000 | Depths:3 | Reached XP level 20. HP: 207/207 MP: 23/23
 37018 | Depths:3 | Paralysed by a floating eye for 3 turns
 37054 | Depths:3 | Received a gift from Okawaru
 37170 | Depths:3 | Identified the ring "Busyt" {rElec rC+}
 37422 | Depths:3 | Received a gift from Okawaru
 37442 | Depths:3 | Found a one-way gate to the infinite horrors of the Abyss.
 37442 | Depths:3 | Found a transporter.
 37481 | Depths:3 | Identified the +10 shortbow of the Dwarven Hall {vorpal,
                  | rElec rF+ rC-}
 37541 | Depths:3 | Found a transporter.
 37976 | Depths:2 | Noticed a caustic shrike
 37984 | Depths:2 | Killed a caustic shrike
 37998 | Depths:2 | Received a gift from Okawaru
 38139 | Depths:2 | Noticed a caustic shrike
 38142 | Depths:2 | Noticed a caustic shrike
 38153 | Depths:2 | Killed a caustic shrike
 38158 | Depths:2 | Killed a caustic shrike
 38259 | Depths:2 | Noticed a caustic shrike
 38266 | Depths:2 | Killed a caustic shrike
 38669 | Depths:2 | Identified the +4 kite shield "Udingor" {Stlth+} (Okawaru
                  | gifted it to you on level 2 of the Depths)
 38669 | Depths:2 | Received a gift from Okawaru
 38980 | Depths:2 | Reached XP level 21. HP: 151/217 MP: 24/24
 39690 | Depths:4 | Entered Level 4 of the Depths
 39987 | Depths:4 | Paralysed by a floating eye for 2 turns
 39993 | Depths:4 | Paralysed by a sphinx for 5 turns
 40116 | Depths:4 | Found a one-way gateway to a ziggurat.
 40290 | Depths:4 | Noticed a golden dragon
 40726 | Depths:4 | Found Kuvoco's Antique Weapon Boutique.
 41016 | Depths:4 | Received a gift from Okawaru
 41389 | Depths:4 | Killed a golden dragon
 41577 | Depths:4 | Found a gate to the Realm of Zot.
 41611 | Depths:4 | Identified the +5 fustibalus of Uskayaw's Envy {freeze,
                  | rElec Str+4 SInv}
 41612 | Depths:4 | Identified the +0 scale mail "Wisohois" {Rampage Int+5
                  | Slay-2}
 42423 | Vaults:1 | Entered Level 1 of the Vaults
 42572 | Vaults:1 | Reached XP level 22. HP: 229/229 MP: 25/25
 42879 | Vaults:1 | Found a transporter.
 43408 | Vaults:1 | Received a gift from Okawaru
 43569 | Vaults:1 | Found a transporter.
 43714 | Vaults:1 | Identified the +0 pair of boots of a ziggurat {rN+}
 43720 | Vaults:1 | Identified the ring "Josumnij" {Drain rN+ Will+ rCorr}
 43725 | Vaults:1 | Identified the ring "Nuos" {rC+ Will+ Str+2}
 43872 | Vaults:2 | Found Pyres's Armour Shop.
 44303 | Vaults:2 | Received a gift from Okawaru
 44421 | Vaults:2 | Cast into level 2 of the Abyss (a wizard)
 44587 | Vaults:2 | Escaped the Abyss
 44715 | Vaults:2 | Noticed Sojobo
 44741 | Vaults:2 | Killed Sojobo
 44785 | Vaults:2 | Identified the +6 war axe of Painted Subterfuge {holy,
                  | Str+5}
 45008 | Vaults:2 | Got the Reference Book on Dusty Fire
 45551 | Vaults:3 | Found a staircase to the Crypt.
 45688 | Vaults:3 | Reached skill level 27 in Fighting
 45853 | Vaults:3 | Identified the +8 arbalest "Wanog" {freeze, rF+ rN+ Str+3
                  | SInv} (Okawaru gifted it to you on level 3 of the Vaults)
 45853 | Vaults:3 | Received a gift from Okawaru
 46103 | Vaults:3 | You are sucked into a shaft and drop 1 floor!
 46156 | Vaults:4 | Found a runed translucent gate.
 46156 | Vaults:4 | Found a runed translucent gate.
 46156 | Vaults:4 | Found a runed translucent gate.
 46156 | Vaults:4 | Found an ancient bone altar of Kikubaaqudgha.
 46156 | Vaults:4 | Noticed Kare Xaoge's ghost (adept DgTm)
 46156 | Vaults:4 | Noticed an ancient lich
 46156 | Vaults:4 | Noticed an ancient lich
 46157 | Vaults:4 | Noticed Eldin's ghost (veteran DEWz)
 46246 | Vaults:4 | Reached XP level 23. HP: 240/240 MP: 26/26
 47222 | Vaults:4 | Killed an ancient lich
 47232 | Vaults:4 | Killed an ancient lich
 47232 | Vaults:4 | Received a gift from Okawaru
 47237 | Vaults:4 | Killed Eldin's ghost
 47247 | Vaults:4 | Killed Kare Xaoge's ghost
 47257 | Vaults:4 | Identified the +1 hat "Usequal" {Fly Dex+7}
 47260 | Vaults:4 | Identified the ring "Bijucet" {rCorr Int+6 Dex+3}
 47782 | Vaults:3 | Found Adenu's Jewellery Shoppe.
 47990 | Vaults:5 | Entered Level 5 of the Vaults
 48169 | Vaults:5 | Received a gift from Okawaru
 48328 | Vaults:4 | Reached skill level 1 in Throwing
 48332 | Vaults:4 | Received a gift from Okawaru
 48805 | Vaults:5 | Identified the +0 robe of Satisfaction {Int+8 Dex-5 Stlth+}
 49164 | Vaults:5 | Noticed a dread lich
 49166 | Vaults:5 | Paralysed by a dread lich for 4 turns
 49178 | Vaults:5 | Paralysed by a dread lich for 6 turns
 49188 | Vaults:5 | Killed a dread lich
 49297 | Vaults:5 | Received a gift from Okawaru
 49401 | Vaults:5 | Found the +3 Elemental Staff {rElec rF++ rC++ AC+5}
 49645 | Vaults:5 | Reached XP level 24. HP: 217/245 MP: 26/26
 49809 | Vaults:5 | Received a gift from Okawaru
 50054 | Vaults:5 | Acquired a +0 eveningstar of protection
 50290 | Vaults:5 | Got a silver rune of Zot
 50304 | Vaults:5 | Found the +0 mask of the Dragon {Will+ Slay+3 SInv}
 50436 | Vaults:5 | Reached skill level 5 in Throwing
 50476 | Vaults:5 | Noticed an ancient lich
 50486 | Vaults:5 | Killed an ancient lich
 50693 | Vaults:5 | Identified the +2 helmet of Lilacs {rPois rF+ Will+ Str+2}
 51049 | Slime:1  | Entered Level 1 of the Pits of Slime
 51078 | Slime:1  | Gained mutation: You are clumsy. (Dex -2) [a shining eye]
 51509 | Slime:1  | Gained mutation: Your body sometimes deteriorates upon
                  | taking damage. [a shining eye]
 51963 | Slime:3  | Gained mutation: You sometimes lose the ability to read
                  | scrolls when taking damage. [a shining eye]
 51979 | Slime:2  | Lost mutation: Your magical capacity is low. (-10% MP)
                  | [potion of mutation]
 51979 | Slime:2  | Lost mutation: You sometimes lose the ability to read
                  | scrolls when taking damage. [potion of mutation]
 51979 | Slime:2  | Gained mutation: You possess an exceptional clarity of
                  | mind. [potion of mutation]
 51979 | Slime:2  | Gained mutation: Your system is resistant to poisons.
                  | (rPois) [potion of mutation]
 52876 | Slime:5  | Entered Level 5 of the Pits of Slime
 53070 | Slime:5  | Identified the +8 mace of Obuc {pain, rC+ rN+ Str+4 Dex-3}
                  | (Okawaru gifted it to you on level 5 of the Pits of Slime)
 53070 | Slime:5  | Received a gift from Okawaru
 53161 | Slime:5  | Noticed the Royal Jelly
 53262 | Slime:5  | Gained mutation: You occasionally shout uncontrollably at
                  | your foes. [a shining eye]
 53334 | Slime:5  | Gained mutation: You are occasionally teleported next to
                  | monsters. [a shining eye]
 53340 | Slime:5  | Lost mutation: You are clumsy. (Dex -2) [potion of
                  | mutation]
 53340 | Slime:5  | Lost mutation: Your body sometimes deteriorates upon taking
                  | damage. [potion of mutation]
 53340 | Slime:5  | Gained mutation: Your body sometimes deteriorates upon
                  | taking damage. [potion of mutation]
 53340 | Slime:5  | Gained mutation: You are frail. (-10% HP) [potion of
                  | mutation]
 53341 | Slime:5  | Lost mutation: You are frail. (-10% HP) [potion of
                  | mutation]
 53341 | Slime:5  | Lost mutation: Your system is resistant to poisons. (rPois)
                  | [potion of mutation]
 53341 | Slime:5  | Lost mutation: Your body sometimes deteriorates upon taking
                  | damage. [potion of mutation]
 53341 | Slime:5  | Gained mutation: You are strong-willed. (Will+) [potion of
                  | mutation]
 53341 | Slime:5  | Lost mutation: You are strong-willed. (Will+) [potion of
                  | mutation]
 53341 | Slime:5  | Gained mutation: You have hidden genetic potential. [potion
                  | of mutation]
 53467 | Slime:5  | Lost mutation: You have hidden genetic potential. [a
                  | shining eye]
 53470 | Slime:5  | Gained mutation: Your spells are a little easier to cast,
                  | but a little less powerful. [a shining eye]
 53549 | Slime:5  | Found a viscous altar of Jiyva.
 53549 | Slime:5  | Found the +9 staff of Wucad Mu {*channel}
 53757 | Slime:5  | Found the +8 Wrath of Trog {antimagic, *Rage Rampage}
 53810 | Slime:5  | Killed the Royal Jelly
 54045 | Slime:5  | Identified the ring "Nazau" {Drain rN+ rCorr Dex+6}
 54056 | Slime:5  | Identified the amulet of Javuvu {Faith rPois rC- Dex+5
                  | Stlth+}
 54058 | Slime:5  | Got a slimy rune of Zot
 54100 | Slime:5  | Got Sif Muna's Reference Book on the Fiery Frostbite
 54553 | Zot:1    | Entered Level 1 of the Realm of Zot
 54815 | Zot:1    | Received a gift from Okawaru
 54913 | Zot:1    | Reached XP level 25. HP: 245/257 MP: 29/29
 55557 | Zot:2    | Identified the +1 hat of Tifree Lazio {rC+ Dex+3} (Okawaru
                  | gifted it to you on level 2 of the Realm of Zot)
 55557 | Zot:2    | Received a gift from Okawaru
 56758 | Zot:3    | Noticed an orb of fire
 56761 | Zot:3    | Gained mutation: You are frail. (-10% HP) [an orb of fire]
 56764 | Zot:3    | Gained mutation: Your magical capacity is low. (-10% MP)
                  | [an orb of fire]
 56772 | Zot:3    | Killed an orb of fire
 56775 | Zot:3    | Lost mutation: You possess an exceptional clarity of mind.
                  | [potion of mutation]
 56775 | Zot:3    | Lost mutation: You are frail. (-10% HP) [potion of
                  | mutation]
 56775 | Zot:3    | Lost mutation: You occasionally shout uncontrollably at
                  | your foes. [potion of mutation]
 56775 | Zot:3    | Lost mutation: Your magical capacity is low. (-10% MP)
                  | [potion of mutation]
 56775 | Zot:3    | Gained mutation: Your muscles are strong. (Str +2) [potion
                  | of mutation]
 56776 | Zot:3    | Lost mutation: You are occasionally teleported next to
                  | monsters. [potion of mutation]
 56776 | Zot:3    | Lost mutation: Your muscles are strong. (Str +2) [potion of
                  | mutation]
 56776 | Zot:3    | Gained mutation: Your natural rate of healing is unusually
                  | fast. [potion of mutation]
 56841 | Zot:3    | Reached skill level 27 in Maces & Flails
 57083 | Zot:3    | Reached skill level 10 in Throwing
 57624 | Zot:4    | Received a gift from Okawaru
 58119 | Zot:4    | Noticed an orb of fire
 58120 | Zot:4    | Gained mutation: Your mind is acute. (Int +2) [an orb of
                  | fire]
 58124 | Zot:4    | Killed an orb of fire
 58124 | Zot:4    | Received a gift from Okawaru
 58648 | Zot:5    | Entered Level 5 of the Realm of Zot
 58771 | Zot:5    | Reached skill level 27 in Armour
 59051 | Zot:5    | Noticed a dread lich
 59257 | Zot:5    | Killed a dread lich
 59289 | Zot:5    | Noticed a dread lich
 59296 | Zot:5    | Killed a dread lich
 59297 | Zot:5    | Reached XP level 26. HP: 266/266 MP: 27/29
 59369 | Zot:5    | Noticed an orb of fire
 59375 | Zot:5    | Noticed an ancient lich
 59379 | Zot:5    | Killed an orb of fire
 59392 | Zot:5    | Killed an ancient lich
 59420 | Zot:5    | Received a gift from Okawaru
 59437 | Zot:5    | Noticed an orb of fire
 59449 | Zot:5    | Gained mutation: You have sharp toenails. [an orb of fire]
 59451 | Zot:5    | Killed an orb of fire
 59548 | Zot:5    | Noticed an orb of fire
 59612 | Zot:5    | Received a gift from Okawaru
 59638 | Zot:5    | Noticed an ancient lich
 59669 | Zot:5    | HP: 7/260 [ancient lich/crystal spear (61)]
 59680 | Zot:5    | HP: 9/260 [Orb Guardian (9)]
 59680 | Zot:5    | Killed from afar by a storm dragon

Illustrated notes

Levels and vault maps discovered:
D:1:      lightli_arrival_quake, layout_basic,
          shapermc_ecumenical_altar_pompeii, serial_shops,
          nicolae_shop_statue_plus
D:2:      layout_loops_cross
D:3:      layout_basic, nicolae_wu_jian_immortal_techniques,
          grunt_temple_overflow_forces_of_nature
D:4:      layout_basic, minmay_unequal
D:5:      layout_basic, amcnicky_altar_gilded, minmay_temple_entry_sparse_star,
          uniq_duvessa
D:6:      layout_loops_ring, portal_sewer_entry_b, uniq_menkaure, uniq_grinder
D:7:      layout_gridville, mainiacjoe_overflow_tiny_flanked,
          mainiacjoe_overflow_small_starburst, serial_shops, nicolae_shop_trees,
          shop, serial_bayou_lagoon_a, minivault_14, roderic_serpentine_path
D:8:      layout_rooms, nicolae_overflow_crystal_walls, bloody_trog,
          enter_bailey_3
D:9:      layout_loops_cross, kennysheep_mini,
          nicolae_gozag_cash_rules_everything_around_me,
          minmay_fractal_squares_gapless_5
D:10:     layout_basic, minmay_orc_entry_guard_dogs, minmay_curled_crystal,
          minmay_misc_feat_x
D:11:     layout_loops_ring, david_lair_generic
D:12:     layout_rooms, uniq_nergalle, uniq_sonja, uniq_snorg
D:13:     layout_gridville
D:14:     layout_basic, ximxim_vaults_locker_room, serial_shops, shop,
          lemuel_doored_altar
D:15:     grunt_enter_depths_magical_seal, layout_loops_ring,
          minmay_crystal_room, serial_shops, shop, nicolae_vehumet_altar_sigil,
          uniq_josephine
Temple:   minmay_temple_forest_path
Lair:1:   layout_cave_pods, kennysheep_abandoned_house, grunt_megastairs_5
Lair:2:   layout_small_grid, elwin_shoals_entry_rocks,
          infiniplex_staircase_pool_2
Lair:3:   layout_cave_pods, hellmonk_spider_entry_not_the_bees,
          chequers_serial_rivers_small_b, serial_bayou_shore_b, uniq_rupert
Lair:4:   cheibrodos_lair_river_kwai, layout_regular_city, grunt_megastairs_4,
          lemuel_fruit_tree
Lair:5:   layout_gridlike, slime_altar_1, grunt_megastairs_1
Lair:6:   hangedman_lair_caniforms_friends, layout_loops_ring,
          guppyfry_lair_end_dragon
Shoals:1: layout_shoals, serial_shops, shop
Shoals:2: layout_shoals, serial_shops, shop
Shoals:3: layout_shoals, nicolae_shoals_pincushion_passage
Shoals:4: shoals_end_hangedman, layout_shoals, serial_shops,
          nicolae_shop_temple_entry_statues_fountains, uniq_mara
Spider:1: layout_spider_delve, nicolae_spider_webbed_stairs,
          hangedman_spider_tarantella_strand
Spider:2: layout_spider_delve, nicolae_spider_checkerboard
Spider:3: layout_chambers, portal_ice_cave_entry_ice_simulacra
Spider:4: floodkiller_spider_rune_tomb, uniq_kirke
Slime:1:  layout_caves
Slime:2:  layout_caves
Slime:3:  layout_caves
Slime:4:  layout_caves
Slime:5
Orc:1:    nicolae_orc_accident_2, layout_diamond_mine
Orc:2:    st_orc_congregation, layout_diamond_mine, uniq_erolcha, uniq_maurice,
          uniq_jorgrun
Vaults:1: ontoclasm_vaults_eye, vaults_room_pools, vaults_mumra_minichess,
          gammafunk_sealed_arena, vaults_dpeg_cross, vaults_dpeg_doors,
          layout_vaults_omnigrid
Vaults:2: v_misc_22, nicolae_vaults_quartermaster, ontoclasm_vaults_ring_square,
          grunt_vaults_focal, v_misc_18, grunt_vaults_funnel,
          vaults_mumra_chevron_long, v_misc_28, v_misc_5, v_misc_9,
          ontoclasm_vaults_gateway, layout_vaults_big_room, serial_shops, shop,
          uniq_sojobo
Vaults:3: nicolae_vaults_angled_halls, ontoclasm_vaults_bender,
          nicolae_vaults_twisting_passages, nicolae_vaults_puzzle_piece,
          vaults_standard_mumra_enter_the_diamond, hangedman_vaults_slice,
          v_misc_17, hangedman_vaults_variations,
          nicolae_vaults_little_squares_6, v_misc_8, v_alt_pattern_2,
          minmay_crypt_entry_vampire_xt, layout_vaults_maze, serial_shops,
          nicolae_diamond_shop
Vaults:4: gammafunk_ghost_crypt, hangedman_vaults_corner, v_misc_8, v_misc_16,
          ontoclasm_vaults_hangar, hangedman_vaults_trim, grunt_vaults_bifocal,
          v_misc_19, nicolae_vaults_gold_heap, layout_vaults_omnicross
Vaults:5: serial_shops
Depths:1: layout_long_grid, hell_entry, grunt_decor_one_mirror,
          grunt_absolute_annihilation, uniq_aizul
Depths:2: hangedman_grunt_twisty_little_passages, layout_basic, hell_entry,
          grunt_dithmenos_smoke, rand_demon_pan_entry_3,
          abyss_entry_flame_altar, uniq_enchantress
Depths:3: hangedman_spin_cycle, hell_entry, abyss_entry, pan_entry
Depths:4: lemuel_castle_with_subvaults [lemuel_castle_interior_carwin_1],
          layout_basic, enter_ziggurat_a, serial_shops, nicolae_shop_crystal,
          hell_entry, serial_sigils_hangedman_clutch,
          minmay_the_grid_square_5x5_3x3_mashed
          [minmay_the_grid_square_5x5_detours, minmay_the_grid_square_5x5_empty,
          minmay_the_grid_square_5x5_seven, minmay_the_grid_square_5x5_comb,
          minmay_the_grid_square_5x5_megaprize_hollow,
          minmay_the_grid_square_5x5_intrusive_squares,
          minmay_the_grid_square_5x5_z, minmay_the_grid_square_5x5_two_walls_a,
          minmay_the_grid_square_5x5_shrine1], uniq_jory
Zot:1:    layout_twisted_circle
Zot:2:    layout_concentric_octagons
Zot:3:    layout_onion_interference, zot_minivault_6
Zot:4:    layout_gridlike
Zot:5:    layout_misc_corridors

Skill      XL: |  1  2  3  4  5  6  7  8  9 10 11 12 13 14 15 16 17 18 19 20 21 22 23 24 25 26 |
---------------+-------------------------------------------------------------------------------+-----
Fighting       | 4 5 6 7 8 10 12 13 15 16 17 18 19 20 22 23 24 25 26 27 | 27.0
Maces & Flails | 3 4 5 6 8 10 11 13 14 16 17 18 19 20 22 23 24 25 26 27 | 27.0
Invocations    | 3 6 8 10 | 10.0
Stealth        | 1 |  1.3
Dodging        | 3 6 9 11 13 15 16 18 19 20 21 22 23 25 | 25.8
Armour         | 5 8 11 12 14 16 18 19 21 22 23 24 25 27 | 27.0
Throwing       | 4 8 12 13 | 13.4
Shields        | |  3.6

Action                   |  1- 3 |  4- 6 |  7- 9 | 10-12 | 13-15 | 16-18 | 19-21 | 22-24 | 25-27 || total
-------------------------+-------+-------+-------+-------+-------+-------+-------+-------+-------++-------
Melee: Flail             |    93 |       |       |       |       |       |       |       |       ||    93
       Headbutt          |    14 |    15 |    57 |   128 |   184 |   329 |   427 |   566 |   206 ||  1926
       Morningstar       |     4 |   145 |   345 |   608 |   104 |       |       |       |       ||  1206
       Short sword       |       |       |     5 |       |       |       |       |       |       ||     5
       Great mace        |       |       |       |       |   861 |  1492 |  1393 |  1717 |   638 ||  6101
Throw: Javelin           |       |       |       |     1 |       |     5 |     2 |    18 |       ||    26
       Boomerang         |       |       |       |       |       |       |       |     3 |    28 ||    31
Invok: Heroism           |       |       |     1 |    21 |    22 |    56 |    37 |    21 |    20 ||   178
       Finesse           |       |       |       |     5 |     6 |    23 |    16 |     9 |    12 ||    71
Evoke: Wand              |       |       |       |       |       |     2 |     2 |       |       ||     4
  Use: Potion            |       |     3 |       |     4 |     2 |     6 |     5 |    11 |     8 ||    39
       Scroll            |       |       |     8 |    10 |     6 |    10 |     1 |    11 |    12 ||    58
 Stab: Petrified         |       |       |       |       |     4 |       |       |       |       ||     4
       Distracted        |       |       |       |       |     1 |     1 |       |     1 |       ||     3
       Confused          |       |       |       |       |       |       |       |       |     2 ||     2
Armor: Scale mail        |    41 |       |       |       |       |       |       |       |       ||    41
       Chain mail        |    15 |   108 |   221 |   244 |   503 |   810 |   565 |   336 |       ||  2802
       Gold dragon scale |       |       |       |       |       |       |       |   525 |   305 ||   830
Dodge: Dodged            |    60 |    68 |   191 |   260 |   464 |  1206 |  1158 |  1560 |   502 ||  5469
Block: Buckler           |    27 |    28 |    74 |   110 |    14 |       |       |       |       ||   253
